 Dungeon Crawl Stone Soup version 0.29-a0-330-g52719c12eb (webtiles) character file.

Game seed: 12283636247542263106

242 Leszczynek the Skirmisher (level 6, -2/51 HPs)
             Began as a Human Gladiator on Apr 20, 2022.
             Slain by a wyvern zombie (12 damage)
             ... on level 5 of the Dungeon.
             The game lasted 00:09:52 (1425 turns).

Leszczynek the Skirmisher (Human Gladiator)         Turns: 1425, Time: 00:09:52

Health: -2/51      AC:  4    Str: 15    XL:     6   Next: 31%
Magic:  6/6        EV: 13    Int: 10    God:
Gold:   135        SH:  0    Dex: 14    Spells: 5/5 levels left

rFire   . . .      SeeInvis .   a - +0 quarterstaff
rCold   . . .      Faith    .   (shield currently unavailable)
rNeg    . . .      Spirit   .   l - +0 leather armour
rPois   .          Reflect  .   c - +0 helmet
rElec   .          Harm     .   (no cloak)
rCorr   .          Rampage  .   (no gloves)
Will    .....                   (no boots)
Stlth   +.........              (no amulet)
HPRegen 0.17/turn               (no ring)
MPRegen 0.10/turn               (no ring)

@: confused, ambrosia-drunk
A: no striking features
a: no special abilities


You were on level 5 of the Dungeon.
You visited 1 branch of the dungeon, and saw 5 of its levels.

You collected 135 gold pieces.

Inventory:

Hand Weapons
 a - a +0 quarterstaff (weapon)
 b - a +0 hunting sling
Missiles
 e - a javelin (quivered)
Armour
 c - a +0 helmet (worn)
 l - a +0 leather armour (worn)
Wands
 k - a wand of paralysis (2)
Scrolls
 f - 2 scrolls of brand weapon {unknown}
 g - 2 scrolls of teleportation {unknown}
 h - a scroll of fear {unknown}
 j - a scroll of fog {unknown}
 m - a scroll of noise {unknown}
 n - a scroll of torment {unknown}
 o - a scroll of amnesia {unknown}
 p - 2 scrolls of identify {unknown}
 q - a scroll of vulnerability {unknown}


   Skills:
 * Level 5.1 Fighting
 - Level 3.0 Staves
 - Level 2.0 Throwing
 + Level 4.4 Dodging


You had 5 spell levels left.
You didn't know any spells.
Your spell library was empty.

Dungeon Overview and Level Annotations

Branches:
Dungeon (5/15)             Temple (0/1) D:4

Altars:


Message History

The wyvern zombie is lightly damaged.
The wyvern zombie struggles against the net. x2
You hit the wyvern zombie.
The wyvern zombie is moderately damaged.
The wyvern zombie struggles against the net.
You catch the helpless wyvern zombie completely off-guard!
You hit the wyvern zombie.
The wyvern zombie is moderately damaged.
The wyvern zombie struggles against the net.
The net rips apart, and the wyvern zombie comes free!
The wyvern zombie misses you.
You hit the wyvern zombie.
The wyvern zombie is heavily damaged.
The wyvern zombie closely misses you.
The wyvern zombie bites you but does no damage.
Throw: throwing net
Press: ? - help, Q - select action, (/) - cycle Shift-Dir - straight line, f/p - wyvern zombie
Aim: a wyvern zombie (heavily damaged, 79% to hit)
You throw a throwing net.
The throwing net barely misses the wyvern zombie.
The wyvern zombie misses you.
You sock the wyvern zombie!
The wyvern zombie is severely damaged.
The wyvern zombie barely misses you.
You hit the wyvern zombie but do no damage.
The wyvern zombie is severely damaged.
The wyvern zombie barely misses you.
The wyvern zombie bites you but does no damage.
You hit the wyvern zombie but do no damage.
The wyvern zombie is severely damaged.
The wyvern zombie bites you!
* * * LOW HITPOINT WARNING * * *
It was a potion of ambrosia.
You are confused.
You feel invigorated.
The wyvern zombie bites you but does no damage.
You bump into the rock wall.
The wyvern zombie bites you.
* * * LOW HITPOINT WARNING * * *
The wyvern zombie bites you!
You die...

..................#
..........##...##..
##........##...######.
...(.......+..........
.#....###.##...######.
.#.#### #.##.........
.#. #.###'#######
.#.######.###.#######...
................@Z....(#
..............####....>#
........#.....# ....#
#.#.....#####.# ....
.#.....# #.# ... #.....#
#.# .. #####.# #.# .
..#####.# #.# ........#
#.#


You could see a wyvern zombie.

Vanquished Creatures
  A black bear (D:4)
  A necrophage (D:5)
  Terence (D:3)
  3 adders
  An ufetubus (D:5)
  6 orcs
  2 bats
  5 endoplasms (D:3)
  A jackal (D:4)
  A ball python (D:3)
  3 goblins
  3 kobolds
  5 rats
33 creatures vanquished.

Notes
Turn   | Place    | Note
-------+----------+-------------------------------------------
     0 | D:1      | Leszczynek the Human Gladiator began the quest for the Orb.
     0 | D:1      | Reached XP level 1. HP: 16/16 MP: 1/1
   124 | D:3      | Reached XP level 2. HP: 23/23 MP: 2/2
   171 | D:4      | Noticed a black bear
   353 | D:3      | Paralysed by a goblin for 6 turns
   386 | D:3      | Reached XP level 3. HP: 7/28 MP: 3/3
   559 | D:2      | Reached skill level 3 in Fighting
   600 | D:3      | Noticed Terence
   607 | D:3      | Killed Terence
   608 | D:3      | Reached XP level 4. HP: 35/35 MP: 4/4
   838 | D:4      | HP: 7/36 [black bear (1)]
   838 | D:4      | HP: 2/36 [black bear (5)]
   840 | D:4      | Killed a black bear
   841 | D:4      | Reached skill level 4 in Fighting
   841 | D:4      | Reached skill level 4 in Dodging
   841 | D:4      | Reached XP level 5. HP: 3/43 MP: 5/5
   963 | D:4      | Found a staircase to the Ecumenical Temple.
  1156 | D:5      | Entered Level 5 of the Dungeon
  1201 | D:5      | Reached skill level 5 in Fighting
  1201 | D:5      | Reached XP level 6. HP: 14/51 MP: 6/6
  1423 | D:5      | HP: 5/51 [wyvern zombie (13)]
  1425 | D:5      | Slain by a wyvern zombie

Illustrated notes

Levels and vault maps discovered:
D:1:      eino_arrival_water_star, layout_basic,
          hellmonk_ecumenical_altar_slurped_away
D:2:      minmay_door_path, layout_loops_ring, kennysheep_generic_room_6
D:3:      minmay_wonky_spiral, layout_basic, mainiacjoe_overflow_cross_hatched,
          st_stairs_13, chequers_serial_rivers_micro_b, uniq_terence
D:4:      layout_loops_ring, minmay_temple_entry_from_below_a,
          chequers_arboretum, uniq_menkaure
D:5:      layout_basic, serial_undead, serial_undead_a, serial_undead_b,
          serial_undead_c, serial_undead_a, serial_undead_a, serial_undead_e,
          serial_undead_c, serial_undead_b, serial_undead_d, serial_undead_d

Skill      XL: |  1  2  3  4  5 |
---------------+----------------+-----
Fighting       | 3 4 5 |  5.1
Dodging        | 4 |  4.4
Staves         | |  3.0
Throwing       | |  2.0

Action                   |  1- 3 |  4- 6 || total
-------------------------+-------+-------++-------
Melee: Quarterstaff      |    43 |    84 ||   127
 Fire: Hunting sling     |    51 |       ||    51
Throw: Throwing net      |     4 |     6 ||    10
  Use: Potion            |       |     1 ||     1
 Stab: Held in net/web   |     2 |     1 ||     3
       Sleeping          |     2 |     1 ||     3
Armor: Leather armour    |     8 |    20 ||    28
Dodge: Dodged            |    28 |    66 ||    94

Table legend: (Time is in decaauts)
 A = Elapsed time spent in this place.
 B = Non-inter-level travel time spent in this place.
 C = Inter-level travel time spent in this place.
 D = Time resting spent in this place.
 E = Time spent auto-exploring this place.
 F = Levels seen in this place.
 G = Mean time per level.
                   A        B        C        D        E       F      G
               +--------+--------+--------+--------+--------+-----+--------+
         Total |   1486 |   1340 |    146 |      3 |      0 |   5 |  297.2 |
       Dungeon |   1486 |   1340 |    146 |      3 |      0 |   5 |  297.2 |
               +--------+--------+--------+--------+--------+-----+--------+

Top non-repeatable levels by time:
     D:3: 734 daAuts
     D:4: 335 daAuts
     D:5: 277 daAuts
     D:2: 87 daAuts
     D:1: 52 daAuts
